 Dungeon Crawl Stone Soup version 0.28-b1-25-g9875b3fc8c (webtiles) character file.

Game seed: 13325600772314954483

42 LLlMATKO the Chopper (level 3, -3/49 HPs)
             Began as a Minotaur Berserker on Feb 6, 2022.
             Was a Follower of Trog.
             Slain by a gnoll (7 damage)
             ... on level 2 of the Dungeon.
             The game lasted 00:00:42 (920 turns).

LLlMATKO the Chopper (Minotaur Berserker)            Turns: 920, Time: 00:00:43

Health: -3/49      AC:  2    Str: 21    XL:     3   Next: 33%
Magic:  2/2        EV: 12    Int:  4    God:    Trog [*.....]
Gold:   52         SH:  0    Dex: 11    Spells: 2/2 levels left

rFire   . . .      SeeInvis .   h - +2 whip (flame)
rCold   . . .      Faith    .   (no shield)
rNeg    . . .      Spirit   .   b - +0 animal skin
rPois   .          Reflect  .   (helmet restricted)
rElec   .          Harm     .   (no cloak)
rCorr   .          Rampage  .   (no gloves)
Will    .....                   (no boots)
Stlth   ..........              (no amulet)
HPRegen 0.16/turn               (no ring)
MPRegen 0.08/turn               (no ring)

@: berserking, very quick
A: horns 2, retaliatory headbutt
a: Renounce Religion, Berserk


You were on level 2 of the Dungeon.
You worshipped Trog.
Trog was aware of your devotion.
You visited 1 branch of the dungeon, and saw 2 of its levels.

You collected 52 gold pieces.

Inventory:

Hand Weapons
 a - a +0 hand axe
 h - a +2 whip of flaming (weapon)
Armour
 b - a +0 animal skin (worn)
Scrolls
 c - a scroll of vulnerability {unknown}
 d - a scroll of magic mapping {unknown}
 e - a scroll of teleportation {unknown}
 f - 3 scrolls of identify {unknown}
 g - a scroll of fear {unknown}
 j - a scroll of brand weapon {unknown}
 l - a scroll of enchant armour {unknown}
Potions
 i - 2 potions of brilliance {unknown}
 k - a potion of curing {unknown}
 m - a potion of mutation {unknown}
 n - a potion of lignification {unknown}


   Skills:
 + Level 4.1 Fighting
 + Level 4.1 Axes
 + Level 3.1 Armour
 + Level 2.8 Dodging


You had 2 spell levels left.
You didn't know any spells.
Your spell library was empty.

Dungeon Overview and Level Annotations

Branches:
Dungeon (2/15)

Altars:


Innate Abilities, Weirdness & Mutations

You have a pair of horns on your head.
You reflexively headbutt those who attack you in melee.


Message History

The gnoll is heavily wounded.
The gnoll hits you with a +0 whip!
The gnoll hits you from afar with a +0 spear.
You are too injured to fight recklessly!
You are too injured to fight recklessly!
You are too injured to fight recklessly!
You are too injured to fight recklessly!
A red film seems to cover your vision as you go berserk!
You feel yourself moving faster!
You feel mighty! The gnoll barely misses you.
The gnoll hits you from afar with a +0 spear.
You are too injured to fight recklessly!
You are too injured to fight recklessly!
You are too injured to fight recklessly!
You feel a strong urge to attack something.
The gnoll splashes around in the water. x2
You are too injured to fight recklessly!
You whack the gnoll! You burn the gnoll.
The gnoll is severely wounded.
The gnoll hits you with a +0 spear.
* * * LOW HITPOINT WARNING * * *
The gnoll splashes around in the water.
You barely miss the gnoll. The gnoll barely misses you.
The gnoll closely misses you.
You barely miss the gnoll.
The gnoll is severely wounded.
The gnoll hits you with a +0 club!
* * * LOW HITPOINT WARNING * * *
The gnoll splashes around in the water.
You whack the gnoll! You burn the gnoll. You headbutt the gnoll.
You kill the gnoll!
Trog accepts your kill.
You hear a splash.
The gnoll hits you with a +0 spear.
* * * LOW HITPOINT WARNING * * *
You barely miss the gnoll. You headbutt the gnoll.
You feel the power of Trog in you as your rage grows.
You kill the gnoll!
Trog accepts your kill. The gnoll hits you with a +0 whip!
You die...

#.####.......# #..
#. #.##.##.#...
.#.####.##.##.#.## #
.................#.#
......≈≈≈≈.≈≈≈≈≈....
....#.≈≈≈≈.≈≈≈≈≈...#
.## #.≈≈≈≈.≈≈≈≈≈...#
...≈≈≈≈$g≈≈≈≈...#
#...≈≈≈≈..@).....#
###.......≈)≈≈...#
#.≈≈≈≈≈.≈≈≈≈...#
#.≈≈≈≈≈.≈≈≈≈...#
#.≈≈≈≈≈.≈≈≈≈....
..≈≈≈≈≈.≈≈≈≈.#.#
.............# #
.............#


You could see a gnoll.

Vanquished Creatures
  An adder (D:2)
  2 gnolls (D:2)
  A dart slug (D:1)
  2 ball pythons (D:1)
  2 giant cockroaches
  2 goblins (D:1)
  A hobgoblin (D:1)
  5 jackals (D:1)
  A quokka (D:1)
  A frilled lizard (D:1)
  A kobold (D:1)
  A rat (D:1)
20 creatures vanquished.

Notes
Turn   | Place    | Note
-------+----------+-------------------------------------------
     0 | D:1      | LLlMATKO the Minotaur Berserker began the quest for the
                  | Orb.
     0 | D:1      | Reached XP level 1. HP: 19/19 MP: 0/0
   183 | D:1      | Reached XP level 2. HP: 14/27 MP: 1/1
   627 | D:1      | Found a faded altar of an unknown god.
   902 | D:2      | Reached XP level 3. HP: 33/33 MP: 2/2
   920 | D:2      | Slain by a gnoll

Illustrated notes

Levels and vault maps discovered:
D:1:      minmay_arrival_four_circles, layout_rooms,
          shapermc_ecumenical_altar_notcrosses, dk_noncrumbling_3
D:2:      layout_basic, minivault_4, minivault_14

Skill      XL: |  1  2 |
---------------+-------+-----
Fighting       | 4 |  4.1
Axes           | 4 |  4.1
Armour         | 3 |  3.1
Dodging        | |  2.8

Action                   || total
-------------------------++-------
Melee: Hand axe          ||    15
       Headbutt          ||     8
       Whip              ||    20
Invok: Berserk           ||     2
Armor: Animal skin       ||     6
Dodge: Dodged            ||    26
